 Dungeon Crawl Stone Soup version 0.31-a0-819-gf6de2f5ab6 (webtiles) character file.

Game seed: 16895144557207433605

1199 avis the Nimble (level 8, -1/37 HPs)
             Began as a Felid Shapeshifter on Sept 24, 2023.
             Slain by Pikel
             ... wielding a +2 whip of flaming
              (3 damage)
             ... on level 5 of the Dungeon.
             The game lasted 00:43:27 (6210 turns).

avis the Nimble (Felid Shapeshifter)                Turns: 6210, Time: 00:43:27

Health: -1/37      AC:  2    Str: 12    XL:     8   Next: 20%
Magic:  9/9        EV: 21    Int: 12    God:
Gold:   469        SH:  0    Dex: 15    Spells: 5/7 levels left
                                        Lives:  0   Deaths: 3

rFire   . .          .
                       - Unarmed
rCold   . . .        (shield unavailable)
rNeg    . . .        (body armour unavailable)
rPois   .            (helmet unavailable)
rElec   .            (cloak unavailable)
rCorr   .            (gloves unavailable)
SInv    +            (boots unavailable)
Will    +....        A - amulet of regeneration
Stlth   +++          (no ring)
HPRegen 1.06/turn    (no ring)
MPRegen 0.11/turn

%: no passive effects
@: beast-form, quick
A: beast (slay +3), very small, claws 1, fangs 3, see invisible, speed 1, shaggy
fur 2, stealthy paws, no weapons or thrown items, no armour, multi-lived
a: Begin Untransformation


You were on level 5 of the Dungeon.
You were a hulking beast.
You visited 1 branch of the dungeon, and saw 5 of its levels.
You also visited: Sewer and Ossuary.

You collected 469 gold pieces.

Inventory:

Jewellery
 n - an amulet of reflection
 A - an amulet of regeneration (around neck)
 B - a ring of resist corrosion
Talismans
 b - a beast talisman (active)
 f - a flux talisman
 s - a serpent talisman
 y - a maw talisman
Scrolls
 c - 3 scrolls of immolation {unknown}
 e - a scroll of blinking {unknown}
 h - 6 scrolls of poison {unknown}
 j - a scroll of amnesia {unknown}
 k - 11 scrolls of identify {unknown}
 m - a scroll of noise {unknown}
 o - a scroll of fog {unknown}
 p - 2 scrolls of teleportation {unknown}
 q - 2 scrolls of brand weapon {unknown}
 t - a scroll of revelation {unknown}
 w - a scroll of enchant weapon {unknown}
 x - a scroll of enchant armour {unknown}
Potions
 a - 2 potions of degeneration {unknown}
 d - a potion of brilliance {unknown}
 g - 3 potions of mutation {unknown}
 i - 5 potions of heal wounds {unknown}
 l - a potion of curing
 r - 2 potions of magic {unknown}
 v - 3 potions of haste {unknown}
 z - 2 potions of invisibility {unknown}


   Skills:
 - Level 5.0 Fighting
 * Level 8.2 Dodging
 - Level 6.0 Stealth
 - Level 3.0 Unarmed Combat
 - Level 5.3 Shapeshifting


You had 5 spell levels left.
You knew the following spells:

 Your Spells              Type           Power      Damage    Failure   Level
e - Wereblood             Tmut           0%         N/A       45%         2

Your spell library contained the following spells:

 Spells                   Type           Power      Damage    Failure   Level
 Freeze                   Ice            0%         1d3       32%         1
 Summon Small Mammal      Summ           0%         N/A       32%         1
 Call Canine Familiar     Summ           0%         N/A       69%         3
 Frozen Ramparts          Ice            0%         1d1       69%         3
 Hailstorm                Conj/Ice       0%         3d3       69%         3
 Ignite Poison            Fire/Tmut/Pois 0%         N/A       69%         3
 Summon Guardian Golem    Hex/Summ       0%         N/A       69%         3
 Sticky Flame             Conj/Fire      0%         2d3       97%         4
 Vhi's Electric Charge    Tloc/Air       0%         N/A       97%         4
 Arcjolt                  Conj/Air       0%         1d10      100%        5
 Irradiate                Conj/Tmut      0%         3d11      100%        5
 Ignition                 Fire           0%         3d3       100%        8
 Maxwell's Capacitive Co  Air            0%         ∞         100%        8


Dungeon Overview and Level Annotations

Branches:
Dungeon (5/15)              Sewer (visited)         Ossuary (visited)
 Temple: D:4-7

Altars:
Cheibriados

Annotations:
D:5 Pikel


Innate Abilities, Weirdness & Mutations

You are a hulking beast.
Your limbs bulge with bestial killing power. (Slay +3)
You have sharp claws.
You have razor-sharp teeth.
You have supernaturally acute eyesight. (SInv)
You cover ground quickly. (Speed+)
You are covered in thick fur. (AC +2)
Your paws help you pounce on unaware monsters.
You are incapable of wielding weapons or throwing items.
You cannot wear armour.
You gain extra lives every three experience levels.


Message History

Press: ? - help, Shift-Dir - straight line, f/p - Pikel
Aim: Pikel, wielding a +2 whip of flaming, wearing a +0 robe and carrying a wand of mindburst (60% to hit)
The puff of flame hits the lemure.
The lemure is heavily wounded.
The now-empty wand crumbles to dust.
You scratch Pikel but do no damage. You scratch Pikel.
You bite Pikel, but do no damage.
Pikel is lightly wounded.
Pikel closely misses you.
You closely miss Pikel.
Pikel is lightly wounded.
Pikel closely misses you.
You claw Pikel!
Pikel is moderately wounded.
Pikel barely misses you.
You barely miss Pikel.
Pikel is moderately wounded.
Pikel closely misses you.
You scratch Pikel. Your bite misses Pikel.
Pikel is heavily wounded.
Pikel misses you.
You scratch Pikel but do no damage. Your bite misses Pikel.
Pikel is heavily wounded.
Pikel zaps a wand.
Your mind is blasted!
You scratch Pikel but do no damage. You bite Pikel, but do no damage.
Pikel is heavily wounded.
Pikel hits you with a +2 whip of flaming.
Pikel burns you.
You scratch Pikel.
Pikel is heavily wounded.
Pikel hits you with a +2 whip of flaming.
Pikel burns you.
* * * LOW HITPOINT WARNING * * *
You scratch Pikel.
Pikel is heavily wounded.
Pikel hits you with a +2 whip of flaming!
* * * LOW HITPOINT WARNING * * *
Pikel burns you.
You die...
Pikel says, "See you in Hell!"

#..#.#...# #..#.#...#
#.. ### .....#...#
#..# #<#
#..#.#...###..## #K#
................ #5#
#..###...# #..# # #.#
#<.# #...# #....# #.#
...###...###..#####.#
................hK55#
##.....#.###..#######
#.###.#.# #..#######
### #.#.# #.........
######.#####..#######
..............#
.......#####..#
######.# #..# ###
####


You could see Pikel and 2 lemures.

Vanquished Creatures
  Grinder (D:4)
  An ice beast (D:5)
  An ogre (D:4)
  An elf zombie (Ossuary)
  3 kobold brigands (Sewer)
  A scorpion (D:5)
  2 centaur zombies (Ossuary)
  A hound (D:4)
  2 iguanas
  2 orc wizards (D:5)
  2 mummies (Ossuary)
  9 adders
  5 river rats (Sewer)
  An ufetubus (D:5)
  A worm (D:2)
  4 dart slugs
  9 orcs
  19 ball pythons
  6 bats
  6 endoplasms
  10 giant cockroaches
  6 gnoll zombies (Ossuary)
  2 goblins
  11 hobgoblins
  12 jackals
  3 quokkas
  4 frilled lizards
  3 goblin zombies (Ossuary)
  A hobgoblin zombie (Ossuary)
  26 kobolds
  An orc zombie (Ossuary)
  21 rats
177 creatures vanquished.

Notes
Turn   | Place    | Note
-------+----------+-------------------------------------------
     0 | D:1      | avis the Felid Shapeshifter began the quest for the Orb.
     0 | D:1      | Reached XP level 1. HP: 9/9 MP: 2/2
   153 | D:1      | Reached XP level 2. HP: 4/13 MP: 3/3
   158 | D:1      | Reached skill level 1 in Stealth
   314 | D:1      | Reached skill level 3 in Dodging
   813 | D:2      | Reached XP level 3. HP: 13/16 MP: 4/4
  1262 | D:2      | Reached XP level 4. HP: 19/19 MP: 5/5
  1844 | D:3      | Found a faded altar of an unknown god.
  2368 | D:4      | Found a sand-covered staircase.
  2378 | Ossuary  | Entered an ossuary
  2451 | Ossuary  | Reached skill level 5 in Shapeshifting
  2451 | Ossuary  | Reached XP level 5. HP: 22/22 MP: 6/6
  2751 | Ossuary  | Gained mutation: You are covered in thick fur. (AC +2)
                  | [Felid growth]
  2751 | Ossuary  | Reached XP level 6. HP: 9/28 MP: 7/7
  2971 | D:4      | Reached skill level 4 in Dodging
  3071 | D:4      | Noticed Grinder
  3139 | D:4      | Found a snail-covered altar of Cheibriados.
  3558 | D:4      | Reached skill level 5 in Stealth
  3791 | D:4      | Paralysed by Grinder for 5 turns
  3794 | D:4      | Killed from afar by Grinder
  3861 | D:4      | Killed Grinder
  3862 | D:4      | Reached skill level 5 in Fighting
  3862 | D:4      | Reached XP level 7. HP: 17/33 MP: 8/8
  3956 | D:4      | Found the +1 Delatra's gloves {ID++}
  4014 | D:5      | Entered Level 5 of the Dungeon
  4204 | D:5      | Reached skill level 5 in Dodging
  4334 | D:5      | Found a glowing drain.
  4357 | Sewer    | Entered a sewer
  4475 | Sewer    | Reached skill level 6 in Dodging
  4478 | Sewer    | HP: 1/33 [kobold brigand/+0 club (6)]
  4954 | Sewer    | Reached XP level 8. HP: 23/37 MP: 9/9
  4955 | Sewer    | Reached skill level 7 in Dodging
  5363 | D:5      | Reached skill level 8 in Dodging
  5470 | D:5      | Learned a level 2 spell: Wereblood
  5588 | D:5      | Noticed Pikel
  5703 | D:5      | Blown up by Pikel
  5945 | D:5      | HP: 1/37 [Pikel/+2 whip of flaming (3)]
  5945 | D:5      | Slain by Pikel
  6210 | D:5      | Slain by Pikel

Illustrated notes

Levels and vault maps discovered:
D:1:      dpeg_arrival_windows_large_door, layout_basic,
          hangedman_decor_slide_cut, minmay_stone_trees_small
D:2:      layout_rooms
D:3:      layout_basic, ebering_ecumenical_altar_hall
D:4:      layout_cave_pods, cheibriados_altar_1, enter_ossuary_1, uniq_grinder
D:5:      layout_basic, gup_sewer_entry_pipe, uniq_pikel

Skill      XL: |  1  2  3  4  5  6  7  8 |
---------------+-------------------------+-----
Fighting       | 2 3 5 |  5.0
Stealth        | 2 3 5 6 |  6.0
Dodging        | 3 4 6 8 |  8.2
Shapeshifting  | 4 5 |  5.3
Unarmed Combat | |  3.0

Action                     |  1- 3 |  4- 6 |  7- 9 || total
---------------------------+-------+-------+-------++-------
  Melee: Unarmed           |    85 |   207 |   218 ||   510
         Bite              |     8 |    28 |    20 ||    56
         Punch             |     1 |     9 |       ||    10
  Evoke: Wand              |       |     8 |    22 ||    30
    Use: Potion            |       |     2 |     2 ||     4
   Stab: Sleeping          |     6 |     6 |    11 ||    23
 Armour: Skin              |    18 |    50 |    56 ||   124
  Dodge: Dodged            |    60 |   101 |   123 ||   284
  Block: Other             |       |    32 |    48 ||    80
         Reflection        |       |       |     1 ||     1

Table legend: (Time is in decaauts)
 A = Elapsed time spent in this place.
 B = Non-inter-level travel time spent in this place.
 C = Inter-level travel time spent in this place.
 D = Time resting spent in this place.
 E = Time spent auto-exploring this place.
 F = Levels seen in this place.
 G = Mean time per level.
                   A        B        C        D        E       F      G
               +--------+--------+--------+--------+--------+-----+--------+
         Total |   5370 |   4744 |    626 |   1057 |   1582 |   7 |  767.1 |
       Dungeon |   3955 |   3329 |    626 |    533 |   1569 |   5 |  791.0 |
         Sewer |    867 |    867 |      0 |    318 |     12 |   1 |  867.0 |
       Ossuary |    547 |    547 |      0 |    206 |      0 |   1 |  547.0 |
               +--------+--------+--------+--------+--------+-----+--------+

Top non-repeatable levels by time:
     D:4: 1292 daAuts
   Sewer: 867 daAuts
     D:5: 729 daAuts
     D:1: 673 daAuts
     D:3: 635 daAuts
     D:2: 625 daAuts
 Ossuary: 547 daAuts
